cohdb
Replays
Latest Replays
All Replays
Popular Replays
Top Player Replays
Match Explorer
How It Works
Community
CoH3 Stats
Reddit
Sign in to upload your games and track your stats! →
Sign in with Steam
Match 41112978
Unlisted
Match 41112978
Overview
Messages
Build Orders
End
Panzergrenadier Squad
Panzergrenadier Squad
250 Light Carrier
Construct Light Support Kompanie
Panzergrenadier Squad
Fire Support Elements
Panzerjäger Mechanized Group
Veteran Squad Leaders
Vehicle Survival Package
Construct Panzerarmee Kommand
Panzer III L Medium Tank
Selects Armored Support Battlegroup
Selects Salvage Kits
Selects Superior Fire Drills
Tungsten Core Ammunition
Combat Half-tracks
Panzer III L Medium Tank
2.5-tonne Medical Truck
Selects Flammpanzer III Medium Tank
Emergency Repair Kits
Armored Reserves
Selects Command Panzer IV F Medium Tank
[PD]Folscher
Apache
Manu
实力不足只能当老六了
TacticalVanguard
Papa Smurf
0
0
Comments
sign in to comment!
No comments posted yet!